 Dungeon Crawl Stone Soup version 0.29.1-15-g9cfb28693d (webtiles) character file.

Game seed: 6042052836087994575

69014 386 the Blocker (level 15, 0/120 HPs)
             Began as a Gnoll Fighter on Mar 26, 2023.
             Was the Champion of Cheibriados.
             Killed by divine providence
             ... invoked by a meliai
              (11 damage)
             ... on level 13 of the Dungeon.
             The game lasted 01:41:34 (20317 turns).

386 the Blocker (Gnoll Fighter)                    Turns: 20317, Time: 01:41:34

Health: 0/120      AC: 21    Str: 38    XL:     15   Next: 28%
Magic:  9/9        EV: 18    Int: 27    God:    Cheibriados [******]
Gold:   589        SH: 17    Dex: 29    Spells: 31/34 levels left

rFire   + . .      SeeInvis +   V - +9 broad axe "Voaz" {antimagic, rPois Str+4}
rCold   + . .      Faith    .   l - +2 kite shield
rNeg    . . .      Spirit   .   x - +2 chain mail {rC+}
rPois   +          Reflect  .   H - +0 helmet
rElec   .          Harm     .   J - +1 cloak {Will+}
rCorr   .          Rampage  .   v - +0 pair of gloves {Dex+3}
Will    ++...                   h - +0 pair of boots
Stlth   ++........              y - amulet of regeneration
HPRegen 1.10/turn               g - ring of see invisible
MPRegen 0.11/turn               R - ring of protection from fire

@: very slow
A: fangs 1, strong nose, distributed training
a: Renounce Religion, Bend Time, Temporal Distortion, Slouch, Step From Time


You were on level 13 of the Dungeon.
You worshipped Cheibriados.
Cheibriados was exalted by your worship.
You visited 4 branches of the dungeon, and saw 21 of its levels.

You collected 1973 gold pieces.
You spent 1384 gold pieces at shops.

Inventory:

Hand Weapons
 b - the +4 eveningstar "Piorcham" {drain, rC+}
   (You bought it in a shop on level 1 of the Dungeon)

   A truly terrible weapon, it drains the life of any living foe it strikes.
   rC:        It protects you from cold.
 w - a +3 demon trident of freezing
 N - the +7 short sword of the Changing Gods {vamp, rC+ Will+ Int+5}
   (You found it on level 11 of the Dungeon)

   It occasionally heals its wielder for a portion of the damage dealt when it
   wounds a living foe.
   Int:       It affects your intelligence (+5).
   rC:        It protects you from cold.
   Will:      It increases your willpower.
 V - the +9 broad axe "Voaz" (weapon) {antimagic, rPois Str+4}
   (You found it on level 3 of the Lair of Beasts)

   It reduces the magical energy of the wielder, and disrupts the spells and
   magical abilities of those it strikes.
   Natural abilities and divine invocations are not affected.
   Str:       It affects your strength (+4).
   rPois:     It protects you from poison.
Missiles
 u - 37 poisoned darts (quivered)
 L - 4 atropa-tipped darts
Armour
 h - a +0 pair of boots (worn)
 l - a +2 kite shield (worn)
 v - a +0 pair of gloves of dexterity (worn)
 x - a +2 chain mail of cold resistance (worn)
 H - a +0 helmet (worn)
 J - a +1 cloak of willpower (worn)
 S - the +4 ring mail of Summertime {rF+}
   (You bought it in a shop on level 1 of the Dungeon)

   rF:        It protects you from fire.
Jewellery
 e - a ring of flight
 g - a ring of see invisible (left hand)
 t - the amulet of Icei {Faith rF++}
   (You took it off a vault guard on level 13 of the Dungeon)

   [amulet of faith]

   It allows you to gain divine favour quickly.
   rF:        It greatly protects you from fire.
 y - an amulet of regeneration (around neck)
 R - a ring of protection from fire (right hand)
 Z - a ring of protection from cold
Wands
 s - a wand of roots (15)
 B - a wand of paralysis (10)
 G - a wand of digging (8)
 I - a wand of flame (26)
 T - a wand of polymorph (7)
Scrolls
 a - a scroll of enchant armour
 d - 7 scrolls of amnesia
 f - a scroll of identify
 j - 13 scrolls of teleportation
 k - 3 scrolls of enchant weapon
 m - 2 scrolls of immolation
 o - 4 scrolls of fog
 q - 2 scrolls of vulnerability
 E - 4 scrolls of poison
 F - 4 scrolls of fear
 M - 3 scrolls of torment
 P - 2 scrolls of summoning
 Y - a scroll of magic mapping {unknown}
Potions
 c - 2 potions of magic
 i - a potion of berserk rage
 n - 2 potions of cancellation
 p - 5 potions of flight
 r - 3 potions of brilliance
 z - 3 potions of lignification
 C - 2 potions of might
 D - a potion of invisibility
 K - 2 potions of curing
 O - a potion of heal wounds
 Q - 2 potions of degeneration {unknown}
 U - 2 potions of mutation {unknown}
 W - a potion of attraction {unknown}
Miscellaneous
 X - a lightning rod (4/4)


   Skills:
 + Level 12.1 Fighting
 + Level 10.3 Short Blades
 + Level 10.3 Long Blades
 + Level 10.3 Axes
 + Level 10.3 Maces & Flails
 + Level 11.3 Polearms
 + Level 10.3 Staves
 + Level 10.3 Ranged Weapons
 + Level 10.3 Throwing
 + Level 12.1 Armour
 + Level 10.3 Dodging
 + Level 10.3 Stealth
 + Level 12.1 Shields
 + Level 10.3 Unarmed Combat
 + Level 10.3 Spellcasting
 + Level 8.6 Conjurations
 + Level 8.6 Hexes
 + Level 8.6 Summonings
 + Level 8.6 Necromancy
 + Level 8.6 Translocations
 + Level 8.6 Transmutations
 + Level 8.6 Fire Magic
 + Level 8.6 Ice Magic
 + Level 8.6 Air Magic
 + Level 8.6 Earth Magic
 + Level 8.6 Poison Magic
 + Level 11.2 Invocations
 + Level 10.3 Evocations


You had 31 spell levels left.
You knew the following spells:

 Your Spells              Type           Power      Damage    Failure   Level
a - Stone Arrow           Conj/Erth      100%       3d13      1%          3

Your spell library contained the following spells:

 Spells                   Type           Power      Damage    Failure   Level
 Foxfire                  Conj/Fire      100%       2x1d9     1%          1
 Magic Dart               Conj           100%       1d8       1%          1
 Ensorcelled Hibernation  Hex/Ice        100%       N/A       1%          2
 Searing Ray              Conj           100%       2d8       1%          2
 Static Discharge         Conj/Air       57%        3-11/arc  1%          2
 Conjure Flame            Conj/Fire      57%        6-21      1%          3
 Inner Flame              Hex/Fire       57%        N/A       1%          3
 Spider Form              Tmut/Pois      57%        N/A       1%          3
 Anguish                  Hex/Necr       28%        N/A       7%          4
 Animate Armour           Summ/Erth      100%       N/A       7%          4
 Dispel Undead            Necr           57%        3d20      7%          4
 Flame Wave               Conj/Fire      57%        2d14      7%          4
 Fulminant Prism          Conj/Hex       28%        3d14      7%          4
 Iskenderun's Mystic Bla  Conj/Tloc      57%        2d12      7%          4
 Sticky Flame             Conj/Fire      57%        2d7       7%          4
 Blade Hands              Tmut           28%        N/A       19%         5
 Lee's Rapid Deconstruct  Erth           28%        3d16*     19%         5
 Iron Shot                Conj/Erth      28%        9d6       71%         6
 Lehudib's Crystal Spear  Conj/Erth      28%        10d8      100%        8


Dungeon Overview and Level Annotations

Branches:
Dungeon (13/15)            Temple (1/1) D:4            Lair (5/5) D:10
 Shoals (0/4) Lair:3        Snake (0/4) Lair:2        Slime (0/5) Lair:4
    Orc (2/2) D:9             Elf (0/3) Orc:2        Vaults (0/5) D:13

Altars:
Ashenzari
Cheibriados
Dithmenos
Elyvilon
Fedhas
Gozag
Hepliaklqana
Kikubaaqudgha
Makhleb
Nemelex Xobeh
Okawaru
Qazlal
Ru
Sif Muna
Trog
Uskayaw
Vehumet
Wu Jian
Xom
Yredelemnul
Zin
The Shining One
Jiyva

Shops:
D:1 (([[[   D:7 (   D:11 :   Orc:2 [**

Annotations:
D:7 3 runed translucent doors, oneeeeegina's ghost, novice DjFE
Lair:2 exclusion: oklob plant
Lair:4 exclusion: 3 oklob plants


Innate Abilities, Weirdness & Mutations

You have very sharp teeth.
Your uncanny sense of smell can sniff out nearby items.
Your experience applies equally to all skills.


Message History

You block the meliai's attack. The meliai completely misses you.
The meliai hits you with a +0 hand axe! You block the meliai's attack.
The meliai mumbles some strange prayers to its god against you.
Something smites you! You block the meliai's attack. x2
The meliai calls upon its god to heal the meliai.
The meliai is healed somewhat.
The meliai hits you with a +0 war axe! The meliai misses you.
You are too injured to fight recklessly!
You are too injured to fight recklessly!
You are too injured to fight recklessly!
You hit the meliai.
The meliai is severely wounded.
You slash the meliai!
The meliai mumbles some strange prayers to its god against you.
Something smites you! The meliai barely misses you.
You block the meliai's attack. The meliai completely misses you.
The meliai barely misses you. You block the meliai's attack.
The meliai closely misses you.
You barely miss the meliai. Your bite misses the meliai.
The meliai is severely wounded.
You hit the meliai.
The meliai calls down the wrath of its god upon you.
Something smites you!
* * * LOW HITPOINT WARNING * * *
The meliai invokes the aid of its god against you.
Something smites you!
* * * LOW HITPOINT WARNING * * *
You block the meliai's attack. x2; The meliai closely misses you.
The meliai misses you.
You slash the meliai!
You kill the meliai!
Cheibriados thoroughly appreciates the change of pace.
You completely miss the meliai.
The meliai calls down the wrath of its god upon you.
Something smites you!
* * * LOW HITPOINT WARNING * * *
The meliai barely misses you. The meliai closely misses you.
The meliai mumbles some strange prayers to its god against you.
Something smites you!
You die...

#.<.# +#### ##'## ....#
#..####### ....+ #..##....#
y...#
#..'.....######....#.....
#..##....#....#....#....#####
#####....#....#....#....#...##
#.....#...y)....#....#.....
#.....'...@#....#....#.....
##....#....######....#.....
#######.............######
#.............#..###
#.............#.....
#...........).#.....
#.............#.....
#.............#.....
#####.........#.....


You could see a meliai.

Vanquished Creatures
  Gastronok (Lair:2)
  A fire giant (D:11)
  A dire elephant (Lair:5)
  4 ogre magi (Orc:2)
  3 hydras
  3 vault guards (D:13)
  2 boulder beetles
  A catoblepas (Lair:5)
  13 two-headed ogres
  A deep troll shaman (Lair:5)
  6 death yaks (Lair:5)
  Urug (Orc:2)
  2 wizards (D:13)
  A necromancer (D:13)
  A deep elf pyromancer (D:11)
  An orc sorcerer (Orc:2)
  4 cyclopes
  An ugly thing (D:12)
  11 elephants
  A merfolk siren (Lair:3)
  A manticore (D:12)
  2 black mambas
  2 torpor snails (Lair:5)
  Psyche (D:9)
  4 gargoyles
  17 cane toads
  A yaktaur (D:11)
  An efreet (D:11)
  8 komodo dragons
  4 rime drakes
  5 meliai (D:13)
  A merfolk (Lair:3)
  5 trolls
  3 polar bears
  Grinder (D:4)
  15 blink frogs
  55 yaks
  A vampire (D:11)
  19 humans (D:13)
  A wyvern (Lair:4)
  A steam dragon (D:7)
  Menkaure (D:4)
  A warg (D:9)
  2 acid dragons (D:11)
  15 water moccasins
  16 orc warriors
  A floating eye (Lair:4)
  A sky beast (D:6)
  A black bear (Lair:4)
  A hornet zombie (D:7)
  An ice beast (D:6)
  27 ogres
  9 wolves
  3 centaurs
  2 kobold brigands
  2 wyvern zombies (D:7)
  12 bullfrogs
  2 necrophages
  A gnoll sergeant (D:12)
  2 scorpions (D:5)
  15 killer bees
  3 howler monkeys
  3 electric eels
  2 bullfrog zombies (D:7)
  A centaur zombie (D:7)
  8 orc priests
  4 jellies
  8 iguanas
  16 orc wizards
  A killer bee zombie (D:7)
  A howler monkey zombie (D:7)
  6 gnolls
  12 adders
  2 white imps
  An ufetubus (D:4)
  4 worms
  3 dart slugs
  55 orcs
  3 bats
  9 endoplasms
  2 giant cockroaches
  9 goblins
  2 hobgoblins
  8 jackals
  A quokka (D:2)
  4 ball pythons
  3 frilled lizards
  16 kobolds
  3 rats
512 creatures vanquished.

Vanquished Creatures (others)
  2 orcs (Orc:2)
  16 fungi
  19 plants
37 creatures vanquished.

Grand Total: 549 creatures vanquished

Notes
Turn   | Place    | Note
-------+----------+-------------------------------------------
     0 | D:1      | 386 the Gnoll Fighter began the quest for the Orb.
     0 | D:1      | Reached XP level 1. HP: 23/23 MP: 1/1
    34 | D:1      | Found Tim Ryc's Antique Weapon Emporium.
   287 | D:1      | Reached XP level 2. HP: 29/29 MP: 2/2
   288 | D:1      | Found Agoo's Antique Armour Shoppe.
   307 | D:1      | Found Duats's Armour Shop.
   346 | D:1      | Found Teduelo's Antique Armour Emporium.
   618 | D:1      | Found Iqefra's Antique Weapon Boutique.
  1263 | D:2      | Reached XP level 3. HP: 35/35 MP: 2/4
  1317 | D:2      | Reached skill level 1 in Invocations
  1442 | D:2      | Reached skill level 1 in Short Blades
  1442 | D:2      | Reached skill level 1 in Long Blades
  1442 | D:2      | Reached skill level 1 in Axes
  1442 | D:2      | Reached skill level 1 in Maces & Flails
  1442 | D:2      | Reached skill level 1 in Staves
  1442 | D:2      | Reached skill level 1 in Ranged Weapons
  1442 | D:2      | Reached skill level 1 in Throwing
  1442 | D:2      | Reached skill level 1 in Dodging
  1442 | D:2      | Reached skill level 1 in Stealth
  1442 | D:2      | Reached skill level 1 in Unarmed Combat
  1442 | D:2      | Reached skill level 1 in Spellcasting
  1442 | D:2      | Reached skill level 1 in Evocations
  1481 | D:2      | Reached XP level 4. HP: 41/41 MP: 5/5
  1938 | D:3      | Found a blossoming altar of Fedhas.
  1947 | D:3      | Reached skill level 1 in Conjurations
  1947 | D:3      | Reached skill level 1 in Hexes
  1947 | D:3      | Reached skill level 1 in Summonings
  1947 | D:3      | Reached skill level 1 in Necromancy
  1947 | D:3      | Reached skill level 1 in Translocations
  1947 | D:3      | Reached skill level 1 in Transmutations
  1947 | D:3      | Reached skill level 1 in Fire Magic
  1947 | D:3      | Reached skill level 1 in Ice Magic
  1947 | D:3      | Reached skill level 1 in Air Magic
  1947 | D:3      | Reached skill level 1 in Earth Magic
  1947 | D:3      | Reached skill level 1 in Poison Magic
  2336 | D:3      | Found a faded altar of an unknown god.
  2423 | D:3      | Found the +18 shield of the Gong {rElec rN+ Will+ EV-5}
  2687 | D:4      | Noticed Menkaure
  2696 | D:4      | Killed Menkaure
  2697 | D:4      | Reached XP level 5. HP: 9/47 MP: 7/7
  2697 | D:4      | Reached XP level 6. HP: 10/53 MP: 8/8
  2960 | D:4      | Found a staircase to the Ecumenical Temple.
  2974 | D:4      | Reached skill level 5 in Polearms
  2989 | Temple   | Entered the Ecumenical Temple
  3165 | Temple   | Became a worshipper of Cheibriados the Contemplative
  3198 | D:4      | Found a shimmering blue altar of Sif Muna.
  3433 | D:4      | Noticed Grinder
  3473 | D:4      | Paralysed by Grinder for 2 turns
  3481 | D:4      | Paralysed by Grinder for 2 turns
  3598 | D:4      | Paralysed by Grinder for 3 turns
  3611 | D:4      | Paralysed by Grinder for 4 turns
  3790 | D:4      | Paralysed by Grinder for 5 turns
  3939 | D:4      | Paralysed by Grinder for 3 turns
  3953 | D:4      | Killed Grinder
  3954 | D:4      | Reached XP level 7. HP: 40/60 MP: 10/10
  4161 | D:4      | Found a hazy altar of Hepliaklqana.
  4163 | D:4      | Found an opulent altar of Gozag.
  4430 | D:4      | Found a shimmering altar of Xom.
  4703 | D:5      | Entered Level 5 of the Dungeon
  4749 | D:5      | Reached * piety under Cheibriados
  5006 | D:5      | Reached XP level 8. HP: 65/67 MP: 12/12
  5795 | D:6      | Reached ** piety under Cheibriados
  5976 | D:7      | Found a runed translucent gate.
  5977 | D:7      | Found a runed translucent gate.
  5977 | D:7      | Found a runed translucent gate.
  5978 | D:7      | Found an opulent altar of Gozag.
  5978 | D:7      | Noticed a gargoyle
  5978 | D:7      | Noticed oneeeeegina's ghost (novice DjFE)
  6098 | D:7      | Found Qippacar's Weapon Emporium.
  6304 | D:7      | Found a basalt altar of Yredelemnul.
  6373 | D:7      | Reached XP level 9. HP: 68/73 MP: 14/14
  6567 | D:7      | Found an ornate altar of the Wu Jian Council.
  6880 | D:8      | Noticed a boulder beetle
  6891 | D:8      | Killed a boulder beetle
  6892 | D:8      | Reached skill level 5 in Invocations
  7277 | D:8      | Reached *** piety under Cheibriados
  7578 | D:1      | Bought a crystal eveningstar for 500 gold pieces
  7578 | D:1      | Identified the +4 eveningstar "Piorcham" {drain, rC+} (You
                  | bought it in a shop on level 1 of the Dungeon)
  8455 | D:9      | Noticed a troll
  8458 | D:9      | Reached skill level 5 in Short Blades
  8458 | D:9      | Reached skill level 5 in Long Blades
  8458 | D:9      | Reached skill level 5 in Axes
  8458 | D:9      | Reached skill level 5 in Maces & Flails
  8458 | D:9      | Reached skill level 5 in Staves
  8458 | D:9      | Reached skill level 5 in Ranged Weapons
  8458 | D:9      | Reached skill level 5 in Throwing
  8458 | D:9      | Reached skill level 5 in Dodging
  8458 | D:9      | Reached skill level 5 in Stealth
  8458 | D:9      | Reached skill level 5 in Unarmed Combat
  8458 | D:9      | Reached skill level 5 in Spellcasting
  8458 | D:9      | Reached skill level 5 in Evocations
  8458 | D:9      | Reached XP level 10. HP: 81/81 MP: 17/17
  8497 | D:9      | Found a staircase to the Orcish Mines.
  8623 | D:9      | Noticed a gargoyle
  8633 | D:9      | Killed a gargoyle
  9163 | D:9      | Found an iron altar of Okawaru.
  9163 | D:9      | Found a hide-covered altar of Uskayaw.
  9180 | D:9      | Noticed Psyche
  9184 | D:9      | Killed Psyche
  9613 | D:10     | Entered Level 10 of the Dungeon
  9630 | D:10     | Found a glowing silver altar of Zin.
  9677 | D:10     | Reached **** piety under Cheibriados
  9680 | D:10     | Noticed a cyclops
  9686 | D:10     | Killed a cyclops
  9823 | D:10     | Found a sacrificial altar of Ru.
  9978 | D:10     | Found a staircase to the Lair.
  9991 | D:10     | Reached skill level 5 in Conjurations
  9991 | D:10     | Reached skill level 5 in Hexes
  9991 | D:10     | Reached skill level 5 in Summonings
  9991 | D:10     | Reached skill level 5 in Necromancy
  9991 | D:10     | Reached skill level 5 in Translocations
  9991 | D:10     | Reached skill level 5 in Transmutations
  9991 | D:10     | Reached skill level 5 in Fire Magic
  9991 | D:10     | Reached skill level 5 in Ice Magic
  9991 | D:10     | Reached skill level 5 in Air Magic
  9991 | D:10     | Reached skill level 5 in Earth Magic
  9991 | D:10     | Reached skill level 5 in Poison Magic
  9991 | D:10     | Reached XP level 11. HP: 83/89 MP: 20/20
 10355 | Lair:1   | Entered Level 1 of the Lair of Beasts
 11376 | Lair:2   | Noticed an oklob plant
 11382 | Lair:2   | Found a shimmering altar of Xom.
 11409 | Lair:2   | Reached ***** piety under Cheibriados
 11539 | Lair:2   | Noticed Gastronok
 11610 | Lair:2   | Killed Gastronok
 11757 | Lair:2   | Noticed a five-headed hydra
 11762 | Lair:2   | Killed a five-headed hydra
 11763 | Lair:2   | Reached XP level 12. HP: 69/97 MP: 22/22
 11928 | Lair:2   | Found a staircase to the Snake Pit.
 12763 | D:1      | Bought a glimmering ring mail for 225 gold pieces
 12763 | D:1      | Identified the +4 ring mail of Summertime {rF+} (You bought
                  | it in a shop on level 1 of the Dungeon)
 13108 | Lair:3   | Reached skill level 10 in Fighting
 13108 | Lair:3   | Reached skill level 10 in Armour
 13108 | Lair:3   | Reached skill level 10 in Shields
 13443 | Lair:3   | Identified the +9 broad axe "Voaz" {antimagic, rPois Str+4}
 14080 | Lair:3   | Found a staircase to the Shoals.
 14325 | Lair:4   | Found a viscous altar of Jiyva.
 14325 | Lair:4   | Found a staircase to the Slime Pits.
 14379 | Lair:4   | Reached XP level 13. HP: 92/104 MP: 8/25
 14383 | Lair:4   | Reached ****** piety under Cheibriados
 14821 | Lair:4   | Found a shimmering altar of Xom.
 14925 | Lair:4   | Paralysed by a floating eye for 3 turns
 15213 | Lair:5   | Entered Level 5 of the Lair of Beasts
 15433 | Lair:5   | Found an iron altar of Okawaru.
 15452 | Lair:5   | Reached skill level 10 in Polearms
 15738 | Lair:5   | Reached skill level 10 in Invocations
 15738 | Lair:5   | Reached XP level 14. HP: 22/113 MP: 9/27
 15833 | Lair:5   | Noticed a dire elephant
 15851 | Lair:5   | Killed a dire elephant
 16342 | Orc:1    | Entered Level 1 of the Orcish Mines
 16428 | Orc:1    | Learned a level 3 spell: Stone Arrow
 16701 | Orc:2    | Entered Level 2 of the Orcish Mines
 16755 | Orc:2    | Noticed Urug
 16769 | Orc:2    | Killed Urug
 17680 | Orc:2    | Found a staircase to the Elven Halls.
 17741 | Orc:2    | Found Goafiq's Armour Emporium.
 17741 | Orc:2    | Found Tiqig's Antique Weapon Boutique.
 17742 | Orc:2    | Found Agan's Assorted Antiques.
 17742 | Orc:2    | Found Kuklibbo's General Store.
 17769 | Orc:2    | Bought a gilded ring for 165 gold pieces
 17769 | Orc:2    | Bought a runed cloak for 247 gold pieces
 17784 | Orc:2    | Bought a pair of embroidered gloves for 247 gold pieces
 18022 | D:11     | Found Caownaukh's Vocational Training.
 18658 | D:11     | Noticed a fire giant
 18680 | D:11     | Killed a fire giant
 18681 | D:11     | Reached skill level 10 in Short Blades
 18681 | D:11     | Reached skill level 10 in Long Blades
 18681 | D:11     | Reached skill level 10 in Axes
 18681 | D:11     | Reached skill level 10 in Maces & Flails
 18681 | D:11     | Reached skill level 10 in Staves
 18681 | D:11     | Reached skill level 10 in Ranged Weapons
 18681 | D:11     | Reached skill level 10 in Throwing
 18681 | D:11     | Reached skill level 10 in Dodging
 18681 | D:11     | Reached skill level 10 in Stealth
 18681 | D:11     | Reached skill level 10 in Unarmed Combat
 18681 | D:11     | Reached skill level 10 in Spellcasting
 18681 | D:11     | Reached skill level 10 in Evocations
 18686 | D:11     | Identified the +7 short sword of the Changing Gods {vamp,
                  | rC+ Will+ Int+5}
 19326 | D:12     | Reached XP level 15. HP: 120/120 MP: 29/29
 20054 | D:13     | Identified the amulet of Icei {Faith rF++}
 20195 | D:13     | Found a gate to the Vaults.
 20317 | D:13     | Killed from afar by a meliai

Illustrated notes

Levels and vault maps discovered:
D:1:      scummos_arrival_star, layout_loops_corners, serial_shops, shop_statue,
          nicolae_shop_statue_plus, shop, nicolae_shop_crystal,
          nicolae_shop_statue_plus
D:2:      layout_basic, minmay_hexomino_f4
D:3:      layout_loops_ring, fedhas_altar_1,
          hellmonk_ecumenical_altar_heavens_door
D:4:      layout_loops_ring, tgw_xom, nicolae_sif_muna_condensation,
          jmf_multi_god_temple, minmay_temple_entry_stoned_glass, uniq_grinder,
          uniq_menkaure
D:5:      layout_rooms
D:6:      layout_loops_corners
D:7:      layout_loops_ring, nicolae_yredelemnul_corpse_copse,
          marbit_many_paths, ebering_ghost_gozag, serial_shops, shop,
          item_on_display_a
D:8:      layout_cave_pods, chequers_serial_rivers_marsh
D:9:      layout_layer_cave, gammafunk_temple_overflow_elements, david_orc_2,
          uniq_psyche
D:10:     layout_long_grid, mainiacjoe_overflow_cross_hatched,
          mainiacjoe_overflow_alcove_2, david_lair_shrubbed
D:11:     minmay_shrinking_squares, layout_gridville, nicolae_shop_vocational
D:12:     layout_roguey
D:13:     layout_gridville, grunt_vaults_entry_tiered
Temple:   nicolae_temple_bog_church
Lair:1:   layout_chaotic_city
Lair:2:   layout_regular_city, dummy_snake_entry, lemuel_oklob_altar,
          infiniplex_staircase_pool, uniq_gastronok
Lair:3:   layout_small_grid, elwin_shoals_entry_rooms, portal_ice_cave_rime,
          beast_lair_carwin_4
Lair:4:   layout_regular_city, nicolae_slime_entry_slimehenge, basic_altar,
          grunt_forest_small_clearings, disabler_island
Lair:5:   grunt_lair_end_beastmaster, layout_cave_shapes, basic_altar
Orc:1:    layout_caves
Orc:2:    st_orc_ogre_mass, layout_diamond_mine, nicolae_orc_crystal_geode,
          uniq_urug

Skill      XL: |  1  2  3  4  5  6  7  8  9 10 11 12 13 14 15 |
---------------+----------------------------------------------+-----
Invocations    | 1 2 3 4 5 6 7 8 10 11 | 11.2
Short Blades   | 1 2 3 5 6 7 8 9 10 | 10.3
Long Blades    | 1 2 3 5 6 7 8 9 10 | 10.3
Axes           | 1 2 3 5 6 7 8 9 10 | 10.3
Maces & Flails | 1 2 3 5 6 7 8 9 10 | 10.3
Staves         | 1 2 3 5 6 7 8 9 10 | 10.3
Ranged Weapons | 1 2 3 5 6 7 8 9 10 | 10.3
Throwing       | 1 2 3 5 6 7 8 9 10 | 10.3
Dodging        | 1 2 3 5 6 7 8 9 10 | 10.3
Stealth        | 1 2 3 5 6 7 8 9 10 | 10.3
Unarmed Combat | 1 2 3 5 6 7 8 9 10 | 10.3
Spellcasting   | 1 2 3 5 6 7 8 9 10 | 10.3
Evocations     | 1 2 3 5 6 7 8 9 10 | 10.3
Conjurations   | 1 2 3 4 5 6 7 8 |  8.6
Hexes          | 1 2 3 4 5 6 7 8 |  8.6
Summonings     | 1 2 3 4 5 6 7 8 |  8.6
Necromancy     | 1 2 3 4 5 6 7 8 |  8.6
Translocations | 1 2 3 4 5 6 7 8 |  8.6
Transmutations | 1 2 3 4 5 6 7 8 |  8.6
Fire Magic     | 1 2 3 4 5 6 7 8 |  8.6
Ice Magic      | 1 2 3 4 5 6 7 8 |  8.6
Air Magic      | 1 2 3 4 5 6 7 8 |  8.6
Earth Magic    | 1 2 3 4 5 6 7 8 |  8.6
Poison Magic   | 1 2 3 4 5 6 7 8 |  8.6
Polearms       | 5 6 7 8 9 10 11 | 11.3
Fighting       | 7 8 9 10 11 12 | 12.1
Armour         | 7 8 9 10 11 12 | 12.1
Shields        | 7 8 9 10 11 12 | 12.1

Action                   |  1- 3 |  4- 6 |  7- 9 | 10-12 | 13-15 || total
-------------------------+-------+-------+-------+-------+-------++-------
Melee: Trident           |    90 |   132 |   447 |       |       ||   669
       Bite              |     4 |    13 |    57 |    62 |   102 ||   238
       Eveningstar       |       |       |    16 |   417 |   344 ||   777
       Broad axe         |       |       |       |    71 |   255 ||   326
Throw: Dart              |       |     6 |     7 |     3 |       ||    16
 Cast: Stone Arrow       |       |       |       |       |    45 ||    45
Invok: Bend Time         |       |       |     2 |     2 |     4 ||     8
Evoke: Wand              |       |       |       |     3 |       ||     3
       Lightning rod     |       |       |       |       |     2 ||     2
  Use: Potion            |       |     1 |     1 |       |     4 ||     6
       Scroll            |       |       |    14 |       |     9 ||    23
 Stab: Paralysed         |       |       |       |     2 |       ||     2
       Sleeping          |       |       |       |     4 |     2 ||     6
       Distracted        |       |       |       |     1 |     6 ||     7
       Petrified         |       |       |       |       |     7 ||     7
       Petrifying        |       |       |       |       |     3 ||     3
Armor: Scale mail        |    20 |    31 |     5 |       |       ||    56
       Chain mail        |       |       |   265 |   157 |    47 ||   469
       Ring mail         |       |       |       |    56 |   117 ||   173
Dodge: Dodged            |    30 |    42 |   167 |   290 |   410 ||   939
Block: Buckler           |    18 |     1 |       |       |       ||    19
       Kite shield       |       |    48 |   368 |   478 |   637 ||  1531
